AoeStats
← Creep

Black Forest

510414096Analyzed
2v2 RM · 2d ago on Sep 30, 2026· 81m 13s· 4 players
Game mode
Random Map
Map size
Medium (4 player)
Population
200
Speed
Normal
Resources
Standard
Victory
Conquest
Starting age
Dark Age
Ending age
Imperial Age
RankedLock teamsTeams togetherTeam positionsShared explorationLock speedFull tech treeHidden civsTurbo modeCheats
Victory
Defeat
🇧🇷 Magyars · Brazil
809
+27
🇧🇷 Spanish · Brazil
727
+19
🇪🇸 Huns · Spain
633
-10
🇪🇸 Khmer · Spain
633
-10
Creep
14:23 Feudal Age
12:39 Loom
17:27 Castle Age
16:10 Horse Collar
18:04 Loom
18:55 Wheelbarrow
19:18 Double-Bit Axe
22:30 Husbandry
26:38 Scale Barding Armor
26:43 Forging
31:59 Hand Cart
31:47 Heavy Plow
32:01 Bow Saw
35:35 Bloodlines
37:00 Chain Barding Armor
37:15 Iron Casting
46:02 Imperial Age
45:01 Gold Mining
49:19 Elite Ballista Elephant
51:08 Ballistics
54:20 Elite Battle Elephant
55:52 Conscription
61:39 Tusk Swords
62:19 Double Crossbow
63:20 Gold Shaft Mining
73:33 Man-at-Arms
76:31 Long Swordsman
78:20 Blast Furnace
77:20 Scale Mail Armor
78:01 Two-Handed Swordsman
angel
7:37 Loom
15:16 Feudal Age
17:05 Gold Mining
17:03 Double-Bit Axe
24:24 Castle Age
22:17 Horse Collar
22:48 Scale Barding Armor
22:54 Forging
23:57 Bloodlines
25:07 Husbandry
24:29 Light Cavalry
28:58 Gold Shaft Mining
29:33 Bow Saw
30:21 Chain Barding Armor
35:39 Iron Casting
37:41 Marauders
46:33 Imperial Age
46:45 Elite Tarkan
49:47 Plate Barding Armor
50:36 Blast Furnace
68:26 Heavy Cavalry Archer
69:31 Parthian Tactics
69:12 Thumb Ring
s1mples
12:32 Feudal Age
12:57 Horse Collar
14:06 Wheelbarrow
13:20 Double-Bit Axe
21:43 Bloodlines
27:45 Castle Age
26:28 Scale Barding Armor
35:26 Hand Cart
36:23 Stone Mining
HasaN
13:23 Feudal Age
11:40 Loom
14:34 Double-Bit Axe
14:32 Horse Collar
16:09 Stone Mining
18:53 Loom
21:16 Castle Age
20:09 Bloodlines
20:04 Padded Archer Armor
23:14 Husbandry
23:33 Leather Archer Armor
23:40 Bow Saw
25:04 Wheelbarrow
26:21 Hand Cart
33:12 Heavy Plow
33:05 Gold Mining
33:52 Stone Shaft Mining
39:06 Imperial Age
36:49 Town Watch
37:35 Murder Holes
38:02 Ballistics
39:47 Fortified Wall
40:15 Pikeman
41:08 Halberdier
43:18 Forging
43:08 Scale Mail Armor
46:45 Two-Man Saw
45:55 Town Patrol
46:37 Iron Casting
46:21 Chain Mail Armor
52:09 Chemistry
51:58 Plate Mail Armor
52:40 Blast Furnace
Connection lost

Rejoining the realm…

Still unreachable

The connection could not be restored.

Session expired

The server has moved on; the page needs a fresh start.